 Dungeon Crawl Stone Soup version 0.30.1-4-g462c640d31 (webtiles) character file.

Game seed: 247939978401892667

270372 Zeor the Crack Shot (level 19, -30/184 HPs)
             Began as a Minotaur Hunter on Sept 12, 2023.
             Was a High Priest of Zin.
             Shot with an arrow by a deep elf master archer (33 damage)
             ... on level 3 of the Elven Halls on Sept 13, 2023.
             The game lasted 02:54:06 (37396 turns).

Zeor the Crack Shot (Minotaur Hunter)              Turns: 37396, Time: 02:54:06

Health: -30/184    AC: 18    Str: 18    XL:     19   Next: 42%
Magic:  13/30      EV: 23    Int:  9    God:    Zin [*****.]
Gold:   2406       SH:  0    Dex: 22    Spells: 18/18 levels left

rFire   + . .        a - +8 longbow of Eteu {speed, Dex+2 Stlth+}
rCold   + . .        (shield currently unavailable)
rNeg    . . .        D - +4 ring mail of the Tormentor {rElec Regen+ Int+3}
rPois   .            z - +2 hat
rElec   +            U - +1 cloak
rCorr   .            f - +2 pair of gloves
SInv    +            (no boots)
Will    ++...        q - amulet "Vihoetizah" {Regen+ SInv}
Stlth   ++++++++     y - ring of Shadows {Umbra +Inv Stlth+}
HPRegen 2.10/turn    g - ring "Hinenwah" {rF+ rC+ Will+ Stlth+}
MPRegen 0.22/turn

%: no passive effects
@: about to teleport, on recite cooldown, wreathed by umbra, invisible
A: horns 2, retaliatory headbutt
}: 2/15 runes: decaying, gossamer
a: Renounce Religion, Evoke Invisibility, Recite, Vitalisation, Imprison,
Sanctuary, Donate Gold


You were on level 3 of the Elven Halls.
You worshipped Zin.
Zin was extremely pleased with you.
You visited 7 branches of the dungeon, and saw 34 of its levels.
You visited the Abyss 1 time.
You also visited: Sewer and Gauntlet.

You collected 5812 gold pieces.
You spent 3122 gold pieces at shops.
You donated 284 gold pieces to Zin.

Inventory:

Hand Weapons
 a - the +8 longbow of Eteu (weapon) {speed, Dex+2 Stlth+}
   (You bought it in a shop on level 2 of the Orcish Mines)

   Dex:       It affects your dexterity (+2).
   Stlth:     It makes you more stealthy.
 b - a +3 double sword of holy wrath
 p - a +4 quick blade of electrocution
 M - the +5 dagger of Domination {elec, rPois SInv Stlth+}
   (You took it off a wight on level 7 of the Dungeon)

   rPois:     It protects you from poison.
   SInv:      It lets you see invisible.
   Stlth:     It makes you more stealthy.
 N - the +8 falchion of the Iron City of Dis {heavy, rC+ Int+3}
   (You found it on level 13 of the Dungeon)

   Int:       It affects your intelligence (+3).
   rC:        It protects you from cold.
 S - a +5 longbow
Missiles
 s - 6 throwing nets
 C - 11 curare-tipped darts
Armour
 f - a +2 pair of gloves (worn)
 z - a +2 hat (worn)
 D - the +4 ring mail of the Tormentor (worn) {rElec Regen+ Int+3}
   (You found it on level 15 of the Dungeon)

   Int:       It affects your intelligence (+3).
   rElec:     It insulates you from electricity.
   Regen:     It increases your rate of health regeneration.
 U - a +1 cloak (worn)
Jewellery
 g - the ring "Hinenwah" (right hand) {rF+ rC+ Will+ Stlth+}
   (You acquired it on level 3 of the Spider Nest)

   [ring of willpower]

   rF:        It protects you from fire.
   rC:        It protects you from cold.
   Will:      It increases your willpower.
   Stlth:     It makes you more stealthy.
 o - a ring of poison resistance
 q - the amulet "Vihoetizah" (around neck) {Regen+ SInv}
   (You acquired it on level 3 of the Dungeon)

   [amulet of regeneration]

   SInv:      It lets you see invisible.
   Regen:     It increases your rate of health regeneration.
 y - the ring of Shadows (left hand) {Umbra +Inv Stlth+}
   (You took it off an orc on level 1 of the Elven Halls)

   [ring of stealth]

   Umbra:     It surrounds you with an aura of shadow, increasing your stealth
   and reducing the accuracy of all others within it.
   +Inv:      It lets you turn invisible.
   Stlth:     It makes you more stealthy.
 A - a ring of positive energy
 E - a ring of see invisible
 H - a ring of ice
 K - a ring of resist corrosion
 Z - a ring of fire
Wands
 u - a wand of flame (75)
 v - a wand of paralysis (40)
 O - a wand of light (8)
 P - a wand of iceblast (20)
 V - a wand of mindburst (14)
Scrolls
 c - a scroll of summoning
 d - 5 scrolls of immolation
 l - 2 scrolls of fog
 m - 9 scrolls of magic mapping
 r - 2 scrolls of enchant armour
 t - 2 scrolls of teleportation
 J - 4 scrolls of poison
 Q - 4 scrolls of vulnerability
 T - a scroll of brand weapon
 W - a scroll of fear
 X - a scroll of silence
Potions
 e - 6 potions of ambrosia
 h - 2 potions of attraction
 i - 3 potions of invisibility
 j - 8 potions of curing
 k - 11 potions of magic
 w - 8 potions of might
 x - 3 potions of haste
 F - 4 potions of mutation
 I - a potion of cancellation
 L - 4 potions of resistance
 R - a potion of berserk rage
Miscellaneous
 B - a phial of floods
 Y - a lightning rod (4/4)


   Skills:
 + Level 19.9 Fighting
 + Level 2.3(5.0) Short Blades
 + Level 7.6(7.8) Long Blades
 + Level 23.7 Ranged Weapons
 + Level 0.8 Throwing
 + Level 8.6 Armour
 * Level 16.4 Dodging
 + Level 4.3 Stealth
 * Level 17.5 Invocations
 + Level 0.8 Evocations


You had 18 spell levels left.
You didn't know any spells.
Your spell library contained the following spells:

 Spells                   Type           Power      Damage    Failure   Level
 Apportation              Tloc           0%         N/A       54%         1
 Freeze                   Ice            0%         1d3       54%         1
 Kiss of Death            Conj/Necr      0%         2d5       54%         1
 Magic Dart               Conj           0%         1d3       54%         1
 Slow                     Hex            0%         N/A       54%         1
 Blink                    Tloc           0%         N/A       69%         2
 Searing Ray              Conj           0%         2d4       69%         2
 Sublimation of Blood     Necr           0%         N/A       69%         2
 Call Canine Familiar     Summ           0%         N/A       89%         3
 Confusing Touch          Hex            0%         N/A       89%         3
 Dazzling Flash           Conj/Hex       0%         N/A       89%         3
 Frozen Ramparts          Ice            0%         1d1       89%         3
 Gell's Gravitas          Tloc           0%         N/A       89%         3
 Hailstorm                Conj/Ice       0%         3d3       89%         3
 Inner Flame              Hex/Fire       0%         N/A       89%         3
 Stone Arrow              Conj/Erth      0%         3d7       89%         3
 Teleport Other           Tloc           0%         N/A       89%         3
 Tukima's Dance           Hex            0%         N/A       89%         3
 Vampiric Draining        Necr           0%         2d6       89%         3
 Vhi's Electric Charge    Tloc/Air       0%         N/A       89%         3
 Volatile Blastmotes      Fire/Tloc      0%         2d10      89%         3
 Animate Armour           Summ/Erth      0%         N/A       100%        4
 Animate Dead             Necr           0%         N/A       100%        4
 Dispel Undead            Necr           0%         3d6       100%        4
 Fulminant Prism          Conj/Hex       0%         3d5       100%        4
 Iskenderun's Mystic Bla  Conj/Tloc      0%         2d3       100%        4
 Manifold Assault         Tloc           0%         N/A       100%        4
 Olgreb's Toxic Radiance  Pois           0%         N/A       100%        4
 Passage of Golubria      Tloc           0%         N/A       100%        4
 Petrify                  Tmut/Erth      0%         N/A       100%        4
 Summon Lightning Spire   Summ/Air       0%         N/A       100%        4
 Alistair's Intoxication  Tmut/Pois      0%         N/A       100%        5
 Arcjolt                  Conj/Air       0%         1d10      100%        5
 Irradiate                Conj/Tmut      0%         3d11      100%        5
 Yara's Violent Unravell  Hex/Tmut       0%         3d3       100%        5
 Dispersal                Tloc           0%         N/A       100%        6
 Simulacrum               Ice/Necr       0%         N/A       100%        6
 Starburst                Conj/Fire      0%         6d3       100%        6
 Enfeeble                 Hex            0%         N/A       100%        7
 Haunt                    Necr/Summ      0%         N/A       100%        7
 Ozocubu's Refrigeration  Ice            0%         4d7       100%        7
 Spellforged Servitor     Conj/Summ      0%         N/A       100%        7
 Storm Form               Tmut/Air       0%         N/A       100%        7
 Discord                  Hex            0%         N/A       100%        8
 Disjunction              Tloc           0%         N/A       100%        8
 Ignition                 Fire           0%         3d3       100%        8
 Infestation              Necr           0%         N/A       100%        8
 Lehudib's Crystal Spear  Conj/Erth      0%         10d2      100%        8
 Maxwell's Capacitive Co  Air            0%         ∞         100%        8
 Dragon's Call            Summ           0%         N/A       100%        9
 Polar Vortex             Ice            0%         N/A       100%        9


Dungeon Overview and Level Annotations

Branches:
Dungeon (15/15)            Temple (1/1) D:7            Lair (5/5) D:11
  Swamp (4/4) Lair:3       Spider (4/4) Lair:2        Slime (0/5) Lair:5
    Orc (2/2) D:11            Elf (3/3) Orc:2        Vaults (0/5) D:14
 Depths (0/4) D:15          Sewer (visited)         Gauntlet (visited)

Altars:
Ashenzari
Cheibriados
Dithmenos
Elyvilon
Fedhas
Gozag
Hepliaklqana
Kikubaaqudgha
Makhleb
Nemelex Xobeh
Okawaru
Qazlal
Ru
Sif Muna
Trog
Uskayaw
Vehumet
Wu Jian
Xom
Yredelemnul
Zin
The Shining One

Shops:
D:2 *   D:3 (   D:9 :   Orc:1 :   Orc:2 (([(!

Annotations:
D:4 1 runed translucent door, Crazy Yiuf
Swamp:3 3 runed translucent doors, bairyn's ghost, adept SpRe


Innate Abilities, Weirdness & Mutations

You have a pair of horns on your head.
You reflexively headbutt those who attack you in melee.


Message History

The deep elf sorcerer seems to speed up.
The Executioner barely misses you. The Executioner misses you.
The Executioner hits you but does no damage.
Activating: Sanctuary (1% risk of failure)
Press: ? - help, Dir - look around, f - activate You hear a choir sing!
By Zin's power, all blood is cleared from the sanctuary.
The monsters scatter in all directions!
Zin will no longer cleanse your potions of mutation.
The deep elf demonologist cries, "Mercy!"
A deep elf death mage comes into view. It is wielding a +0 dagger.
Your surroundings suddenly seem different. 9 elves come into view.
Found a whip.
The deep elf master archer wields a +0 longbow.
The deep elf master archer shoots an arrow.
The arrow misses you.
The deep elf master archer shoots an arrow.
The arrow hits you!
* * * LOW HITPOINT WARNING * * *
The deep elf master archer shouts!
You hear a shout!
The deep elf blademaster shouts!
Unknown command.
As you read the scroll of teleportation, it crumbles to dust.
You feel strangely unstable.
The deep elf sorcerer shouts!
The deep elf demonologist shouts!
You hear a shout!
A deep elf death mage comes into view. It is wielding a +0 dagger.
The deep elf master archer shoots an arrow.
The arrow hits you!! Zin protects you from harm!
The deep elf master archer shoots an arrow.
The arrow hits you!
* * * LOW HITPOINT WARNING * * *
The deep elf death mage shouts!
You fade into invisibility!
The deep elf master archer wields a +0 longbow.
The deep elf master archer shoots an arrow.
The arrow hits you!!
You die...

∙∙∙ ▒∙∙▒▒
▒▒▒∙e∙∙▒▒
▒∙eee∙∙∙▒▒▒▒▒
∙∙∙∙∙∙e∙∙∙▒∙▒ ∙
∙∙∙∙∙∙∙∙∙∙∙▒▒)∙


∙∙∙∙∙∙∙∙∙e∙∙∙∙e ∙∙∙∙∙∙∙e∙∙∙∙e∙∙ ▒∙eH∙∙∙∙∙∙∙ ▒▒∙∙∙∙∙∙∙∙∙ ▒▒▒∙∙∙∙∙∙∙ ▒∙∙∙∙∙∙
∙∙∙∙∙∙ ∙∙∙∙∙∙ ∙∙∙∙∙ ∙∙∙∙∙ You could see a deep elf blademaster (unable to see
you), 3 deep elf master archers, a deep elf annihilator, 3 deep elf death magi,
a deep elf sorcerer and a deep elf demonologist.

Vanquished Creatures
  Nikola (Swamp:1)
  2 deep elf blademasters
  Agnes (D:15)
  Kirke (D:12)
  Donald (Swamp:1)
  Louise (Swamp:1)
  A deep elf sorcerer (Elf:1)
  6 emperor scorpions
  4 ghost moths
  2 deep elf elementalists
  7 broodmothers
  2 deep elf demonologists
  3 eleionomae
  4 bunyips
  A dire elephant (D:15)
  A spark wasp (Spider:3)
  2 green deaths (Swamp:4)
  Josephine (D:15)
  A deep elf death mage (Elf:3)
  7 entropy weavers
  2 deep elf high priests
  3 great orbs of eyes
  Harold (D:11)
  5 vault guards (D:14)
  19 hydras
  An ogre mage (D:14)
  A ghost crab (Swamp:4)
  A jorogumo (Spider:2)
  8 centaur warriors
  6 two-headed ogres
  2 radroaches
  3 boulder beetles
  12 alligators
  26 dancing weapons
  2 orc high priests (Elf:1)
  A tengu warrior (D:13)
  Urug (Lair:5)
  Sonja (Lair:2)
  2 thrashing horrors
  A wretched star (Abyss:3)
  3 skysharks
  A fire crab (Lair:3)
  Nergalle (Orc:1)
  23 deep elf knights
  9 pharaoh ants
  5 skeletal warriors
  5 goliath frogs
  A sun moth (Spider:4)
  20 deep elf archers
  22 orb spiders
  A glowing orange brain (D:13)
  7 steelbarb worms
  4 spriggan druids
  6 swamp dragons
  6 bog bodies
  Pikel (D:6)
  5 orc knights
  32 deep elf zephyrmancers
  A salamander (D:15)
  25 deep elf pyromancers
  2 orc sorcerers
  4 large abominations
  2 manticores
  8 cyclopes
  18 ugly things
  2 oklob plants
  3 will-o-the-wisps
  A worldbinder (Abyss:3)
  25 wolf spiders
  2 moths of wrath
  4 black mambas
  6 demonic crawlers
  2 gargoyles
  A smoke demon (Abyss:3)
  14 cane toads
  A yaktaur (D:14)
  An unseen horror (shapeshifter) (D:13)
  13 komodo dragons
  4 kobold demonologists
  4 torpor snails
  3 unseen horrors
  4 rime drakes
  2 efreet
  7 trolls
  6 polar bears
  6 meliai
  2 bloated husks
  13 hornets
  5 tyrant leeches
  13 blink frogs
  A raiju (Abyss:3)
  27 tarantellas
  11 dream sheep
  17 slime creatures
  25 culicivoras
  An air elemental (Elf:1)
  20 spriggans
  A water elemental (Elf:2)
  39 jumping spiders
  2 wyverns
  39 yaks
  5 shadows
  5 wraiths
  3 fire elementals
  3 vampires
  A chaos spawn (Abyss:3)
  2 hogs (D:12)
  A human (D:14)
  2 steam dragons
  6 vampire mosquitoes
  7 basilisks
  A neqoxec (Abyss:3)
  64 redbacks
  A spatial vortex (Abyss:3)
  A warg (Elf:1)
  24 water moccasins
  12 swamp worms
  2 swamp drakes (Swamp:4)
  An ice beast (D:7)
  A sky beast (D:8)
  32 orc warriors
  5 black bears
  8 ogres
  4 boggarts (Lair:5)
  29 wolves
  22 centaurs
  A lemure (D:6)
  3 phantoms
  4 kobold brigands
  2 earth elementals (Elf:1)
  9 bullfrogs
  3 scorpions
  5 wights (D:7)
  A hornet simulacrum (D:15)
  3 killer bees (D:11)
  3 howler monkeys
  An electric eel (Lair:3)
  4 jellies
  A hound (D:5)
  13 orc priests
  3 sleepcaps
  4 iguanas
  23 orc wizards
  Ijyb (D:4)
  5 small abominations
  11 adders
  4 gnolls (D:3)
  8 river rats (Sewer)
  3 white imps
  An ufetubus (D:6)
  3 worms
  A dart slug (D:5)
  76 orcs
  9 ball pythons
  14 endoplasms
  3 giant cockroaches
  9 hobgoblins
  7 jackals
  3 quokkas
  3 bats
  6 frilled lizards
  18 goblins
  33 kobolds
  23 rats
1252 creatures vanquished.

Vanquished Creatures (others)
  A meliai (Spider:4)
  2 redbacks (Spider:4)
  A starcursed mass (Abyss:3)
  An orc wizard (Orc:2)
  2 starspawn tentacles (Abyss:3)
7 creatures vanquished.

Grand Total: 1259 creatures vanquished

Notes
Turn   | Place    | Note
-------+----------+-------------------------------------------
     0 | D:1      | Zeor the Minotaur Hunter began the quest for the Orb.
     0 | D:1      | Reached XP level 1. HP: 18/18 MP: 0/0
   130 | D:1      | Reached XP level 2. HP: 25/25 MP: 1/1
   529 | D:1      | Found a faded altar of an unknown god.
   564 | D:1      | Reached skill level 5 in Ranged Weapons
  1151 | D:2      | Reached XP level 3. HP: 30/30 MP: 2/2
  1556 | D:2      | Reached XP level 4. HP: 37/37 MP: 3/3
  1589 | D:2      | Found Zarch's Assorted Antiques.
  1592 | D:2      | Bought a scroll of identify for 50 gold pieces
  1860 | D:3      | Found a bloodstained altar of Trog.
  1937 | D:3      | Found Voumeib's Antique Weapon Shoppe.
  1993 | D:3      | Reached skill level 6 in Ranged Weapons
  1993 | D:3      | Reached skill level 1 in Armour
  2010 | D:3      | Found a glowing drain.
  2026 | Sewer    | Entered a sewer
  2046 | Sewer    | Reached XP level 5. HP: 28/45 MP: 4/4
  2535 | Sewer    | Reached skill level 7 in Ranged Weapons
  2535 | Sewer    | Reached skill level 1 in Stealth
  2535 | Sewer    | Reached XP level 6. HP: 30/52 MP: 5/5
  2547 | Sewer    | Identified the +0 scale mail "Laso" {Harm rPois rCorr
                  | Int-5}
  3106 | D:3      | Identified a scroll of acquirement
  3106 | D:3      | Acquired the amulet "Vihoetizah" {Regen+ SInv}
  3739 | D:4      | Reached XP level 7. HP: 28/58 MP: 6/6
  4308 | D:4      | Reached skill level 8 in Ranged Weapons
  4308 | D:4      | Noticed Ijyb
  4324 | D:4      | Paralysed by Ijyb for 3 turns
  4328 | D:4      | Killed Ijyb
  4671 | D:4      | Found a runed translucent door.
  4672 | D:4      | Noticed Crazy Yiuf
  4948 | D:5      | Entered Level 5 of the Dungeon
  5411 | D:5      | Reached skill level 9 in Ranged Weapons
  5568 | D:3      | Bought a longbow for 149 gold pieces
  5857 | D:6      | Reached XP level 8. HP: 66/66 MP: 7/7
  5927 | D:6      | Reached skill level 10 in Ranged Weapons
  6217 | D:6      | Noticed Pikel
  6230 | D:6      | Killed Pikel
  6231 | D:6      | Reached skill level 11 in Ranged Weapons
  6231 | D:6      | Reached skill level 5 in Dodging
  6285 | D:6      | Acquired 783 gold pieces
  6370 | D:3      | Bought a glowing quick blade for 414 gold pieces
  6370 | D:3      | Bought a steaming dagger for 161 gold pieces
  6370 | D:3      | Identified the +10 dagger of False Hope {freeze, *Corrode
                  | rElec Dex-5 SInv} (You bought it in a shop on level 3 of
                  | the Dungeon)
  6370 | D:3      | Bought a glowing halberd for 161 gold pieces
  6639 | D:7      | Found a staircase to the Ecumenical Temple.
  6648 | Temple   | Entered the Ecumenical Temple
  6819 | Temple   | wowzer
  6829 | Temple   | Became a worshipper of Zin the Law-Giver
  6829 | Temple   | Reached * piety under Zin
  6901 | D:7      | Found a shimmering blue altar of Sif Muna.
  6947 | D:7      | Reached XP level 9. HP: 73/73 MP: 8/8
  6998 | D:7      | Identified the +5 dagger of Domination {elec, rPois SInv
                  | Stlth+}
  7005 | D:7      | Reached skill level 1 in Invocations
  7013 | D:7      | Reached skill level 5 in Fighting
  7245 | D:7      | Reached skill level 12 in Ranged Weapons
  7814 | D:8      | Reached skill level 1 in Short Blades
  7822 | D:8      | Reached skill level 1 in Long Blades
  7936 | D:8      | Reached ** piety under Zin
  7965 | D:8      | Found a shimmering altar of Xom.
  8606 | D:9      | Identified the +1 chain mail of the Cockroach {rC+}
  8643 | D:9      | Reached XP level 10. HP: 83/83 MP: 11/11
  8762 | D:9      | Reached skill level 13 in Ranged Weapons
  8957 | D:9      | Found Gypeiwk's Vocational Training.
  9304 | D:9      | Reached skill level 14 in Ranged Weapons
  9461 | D:10     | Entered Level 10 of the Dungeon
  9470 | D:10     | Noticed a sixfirhy
  9493 | D:10     | Noticed a gargoyle
  9498 | D:10     | Killed a gargoyle
  9940 | D:10     | Noticed a manticore
  9954 | D:10     | Killed a manticore
 10073 | D:10     | Noticed a two-headed ogre
 10087 | D:10     | Killed a two-headed ogre
 10088 | D:10     | Reached XP level 11. HP: 69/91 MP: 13/13
 10402 | D:11     | Reached skill level 15 in Ranged Weapons
 10507 | D:11     | Noticed Harold
 10518 | D:11     | Killed Harold
 10519 | D:11     | Reached skill level 5 in Long Blades
 10537 | D:11     | Noticed a two-headed ogre
 10543 | D:11     | Killed a two-headed ogre
 10566 | D:11     | Reached *** piety under Zin
 10637 | D:11     | You fall into a shaft and drop 3 floors!
 10673 | D:14     | Noticed a vault guard
 10693 | D:13     | Noticed a two-headed ogre
 10704 | D:13     | Killed a two-headed ogre
 10726 | D:13     | Found a gate leading to a gauntlet.
 10732 | D:13     | Noticed a five-headed hydra
 10740 | D:13     | Noticed a deep elf pyromancer
 10745 | D:13     | Reached skill level 5 in Invocations
 10750 | D:13     | Killed a one-headed hydra
 10763 | D:13     | Killed a deep elf pyromancer
 10780 | Gauntlet | Entered a Gauntlet
 10780 | Gauntlet | Noticed a shining eye
 10780 | Gauntlet | Found a transporter.
 10780 | Gauntlet | Found a transporter.
 10780 | Gauntlet | Found a transporter.
 10837 | Gauntlet | Found a transporter.
 10840 | Gauntlet | Found a transporter.
 10840 | Gauntlet | Found a transporter.
 10842 | Gauntlet | Noticed a fire crab
 10849 | Gauntlet | Noticed a cyan ugly thing
 10849 | Gauntlet | Noticed a green ugly thing
 10850 | Gauntlet | Noticed a glowing orange brain
 10851 | Gauntlet | Found a transporter.
 10855 | Gauntlet | Found a transporter.
 10855 | Gauntlet | Found a transporter.
 10856 | Gauntlet | Found a transporter.
 10858 | Gauntlet | Noticed a fire crab
 10863 | Gauntlet | Noticed a death drake
 10865 | Gauntlet | Found a transporter.
 10866 | Gauntlet | Found a transporter.
 11117 | D:11     | Noticed a two-headed ogre
 11125 | D:11     | Killed a two-headed ogre
 11126 | D:11     | Reached skill level 16 in Ranged Weapons
 11181 | D:11     | Noticed a boulder beetle
 11203 | D:11     | Killed a boulder beetle
 11204 | D:11     | Reached XP level 12. HP: 56/101 MP: 15/15
 11283 | D:11     | Reached **** piety under Zin
 11327 | D:11     | Found a staircase to the Lair.
 11658 | D:11     | Found a staircase to the Orcish Mines.
 11777 | Lair:1   | Entered Level 1 of the Lair of Beasts
 11808 | Lair:1   | Reached skill level 17 in Ranged Weapons
 12642 | Lair:2   | Found a hole to the Spider Nest.
 13531 | Lair:2   | Reached XP level 13. HP: 110/110 MP: 17/17
 13544 | Lair:2   | Reached skill level 18 in Ranged Weapons
 13554 | Lair:2   | Got Moguliq's Compendium of the Supportive Ground
 13617 | Lair:2   | Reached ***** piety under Zin
 13693 | Lair:2   | Noticed Sonja
 13708 | Lair:2   | Killed Sonja
 14213 | Lair:3   | Found a staircase to the Swamp.
 15111 | Lair:4   | Reached skill level 10 in Fighting
 15180 | Lair:4   | Reached skill level 10 in Dodging
 15309 | Lair:4   | Identified the +10 war axe of Change {spect, rF+}
 16066 | Lair:5   | Entered Level 5 of the Lair of Beasts
 16352 | Lair:5   | Found a staircase to the Slime Pits.
 16655 | Lair:5   | welp
 16696 | Lair:5   | wow
 16859 | Lair:5   | Reached XP level 14. HP: 99/124 MP: 19/19
 16866 | Lair:5   | Reached skill level 19 in Ranged Weapons
 17399 | Lair:5   | Reached skill level 5 in Armour
 17501 | Lair:5   | Noticed Urug
 17523 | Lair:5   | Killed Urug
 17802 | Lair:5   | Identified the +3 flail of a Gauntlet {flame, rN+ Int+5}
 18026 | D:9      | Bought a manual of Invocations for 880 gold pieces
 18442 | Orc:1    | Entered Level 1 of the Orcish Mines
 18611 | Orc:1    | Found Vechuim's Book Emporium.
 18736 | Orc:2    | Entered Level 2 of the Orcish Mines
 18946 | Orc:2    | Found Doginuag's Distillery.
 18967 | Orc:2    | Reached ****** piety under Zin
 18969 | Orc:2    | Bought a potion of berserk rage for 85 gold pieces
 18969 | Orc:2    | Bought a potion of might for 68 gold pieces
 19500 | Orc:2    | Found Xokhluzong's Antique Weapon Shoppe.
 19500 | Orc:2    | Found Ydibisch's Antique Armour Boutique.
 19502 | Orc:2    | Found Imam's Weapon Shop.
 19504 | Orc:2    | Found Luwunt's Weapon Emporium.
 19508 | Orc:2    | Bought a smoking longbow for 241 gold pieces
 19508 | Orc:2    | Identified the +8 longbow of Eteu {speed, Dex+2 Stlth+}
                  | (You bought it in a shop on level 2 of the Orcish Mines)
 19720 | Orc:2    | Found a staircase to the Elven Halls.
 19937 | Orc:1    | Noticed Nergalle
 19949 | Orc:1    | Killed Nergalle
 19991 | Orc:1    | Reached skill level 10 in Invocations
 20462 | D:12     | Noticed Kirke
 20490 | D:12     | Killed Kirke
 21428 | D:13     | Identified the +8 falchion of the Iron City of Dis {heavy,
                  | rC+ Int+3}
 21437 | D:13     | Acquired 649 gold pieces
 21640 | D:13     | Reached XP level 15. HP: 123/136 MP: 22/22
 21691 | D:13     | Identified the +2 robe of Imoun {Int+3}
 21957 | Orc:2    | Bought a runed great sword for 199 gold pieces
 21964 | Orc:2    | Bought a +4 quick blade of electrocution for 714 gold
                  | pieces
 22162 | D:14     | Reached skill level 20 in Ranged Weapons
 22554 | D:14     | Found a shimmering altar of Xom.
 22818 | D:14     | Found a gate to the Vaults.
 23047 | D:15     | Entered Level 15 of the Dungeon
 23203 | D:15     | Noticed Josephine
 23210 | D:15     | Killed Josephine
 23430 | D:15     | Identified the +4 ring mail of the Tormentor {rElec Regen+
                  | Int+3}
 23728 | D:15     | Noticed Agnes
 23738 | D:15     | Killed Agnes
 23859 | D:15     | Found a staircase to the Depths.
 23876 | D:15     | Noticed an emperor scorpion
 23888 | D:15     | Killed an emperor scorpion
 24185 | Swamp:1  | Entered Level 1 of the Swamp
 24237 | Swamp:1  | Identified the +0 tower shield of the Monkey's Uncle
                  | {Dex+5}
 24237 | Swamp:1  | Noticed Louise
 24269 | Swamp:1  | Killed Louise
 24775 | Swamp:1  | Noticed Donald
 24796 | Swamp:1  | Killed Donald
 25103 | Swamp:1  | Noticed Nikola
 25116 | Swamp:1  | Killed Nikola
 25228 | Swamp:1  | Reached XP level 16. HP: 144/147 MP: 25/25
 25612 | Swamp:2  | Reached skill level 15 in Fighting
 26045 | Swamp:3  | Reached skill level 21 in Ranged Weapons
 26211 | Swamp:3  | Found a runed translucent gate.
 26212 | Swamp:3  | Noticed bairyn's ghost (adept SpRe)
 26213 | Swamp:3  | Found a runed translucent gate.
 26213 | Swamp:3  | Found a runed translucent gate.
 26603 | Spider:1 | Entered Level 1 of the Spider Nest
 26824 | Swamp:4  | Entered Level 4 of the Swamp
 27312 | Swamp:4  | Reached skill level 15 in Invocations
 28210 | Swamp:4  | Got a decaying rune of Zot
 28669 | Spider:1 | Reached XP level 17. HP: 160/160 MP: 27/27
 29475 | Spider:2 | Reached skill level 22 in Ranged Weapons
 31276 | Spider:3 | Acquired the ring "Hinenwah" {rF+ rC+ Will+ Stlth+}
 31396 | Spider:4 | Entered Level 4 of the Spider Nest
 31941 | Spider:4 | Reached skill level 15 in Dodging
 32081 | Spider:4 | Reached XP level 18. HP: 171/171 MP: 29/29
 33518 | Spider:4 | Got a gossamer rune of Zot
 33806 | Elf:1    | Entered Level 1 of the Elven Halls
 34060 | Elf:1    | Identified the +2 short sword "Ellaelut" {elec, *Noise
                  | rCorr Str+4 Dex+3}
 34210 | Elf:1    | Reached skill level 23 in Ranged Weapons
 34335 | Elf:1    | Got the Handbook of the Familiar
 34474 | Elf:1    | Paralysed by an air elemental for 1 turns
 35581 | Elf:2    | Reached XP level 19. HP: 180/183 MP: 30/30
 35677 | Elf:2    | Found a runed translucent gate.
 35677 | Elf:2    | Found a runed translucent gate.
 35678 | Elf:2    | Found a runed translucent gate.
 36123 | Elf:2    | Zin protects you from harm!
 36556 | Elf:3    | Entered Level 3 of the Elven Halls
 37175 | Elf:3    | Noticed a Brimstone Fiend
 37212 | Abyss:3  | Cast into level 3 of the Abyss (a deep elf demonologist)
 37318 | Abyss:3  | Found a corrupted altar of Lugonu.
 37355 | Abyss:3  | Found a corrupted altar of Lugonu.
 37369 | Elf:3    | Escaped the Abyss
 37395 | Elf:3    | Zin protects you from harm!
 37395 | Elf:3    | HP: 1/184 [deep elf master archer/arrow (17)]
 37396 | Elf:3    | Shot with an arrow by a deep elf master archer

Illustrated notes

♣≈≈~~∙∙∙∙∙∙∙~~~∙∙▄∙∙∙∙♣♣∙∙∙∙∙~~≈
♣♣≈≈~∙♣∙∙∙∙~∙~~~∙∙∙∙∙~∙∙♣∙~∙∙~~≈
♣♣≈~♣♣♣~∙∙∙∙∙∙∙♣♣∙∙∙▄∙∙∙#♣∙∙∙~♣
♣♣≈~♣∙♣∙#~~∙∙∙♣♣∙∙∙∙∙∙∙~∙~∙∙~♣
♣≈≈∙∙∙∙∙∙∙∙~∙♣∙∙∙∙∙♣♣∙∙~▄∙∙≈♣
♣♣≈≈~∙∙∙∙∙∙~∙♣∙∙▄∙∙∙∙∙∙∙∙∙∙~~♣
♣♣≈≈~~∙∙∙~∙∙∙♣♣∙∙∙∙∙∙#▄∙#∙∙∙≈♣♣
♣≈≈≈~∙∙▄∙∙∙∙∙∙∙∙∙∙♣♣∙~∙∙#∙∙~≈♣
♣♣♣≈≈≈~∙∙∙∙#∙∙∙∙H∙∙∙♣∙∙∙∙∙∙∙~~♣♣
♣≈≈≈≈~∙∙∙~~∙∙∙∙∙∙∙~∙∙∙∙∙∙∙~~≈≈♣
♣≈≈~~~∙~~~~~~∙∙∙~~~∙∙▄∙~∙∙∙≈≈♣♣
♣≈~~~∙∙~~~~~~∙▄∙♣♣#∙∙∙∙♣♣∙≈~≈♣
♣~~~~∙∙~~∙∙∙∙∙∙∙♣♣~∙∙∙♣♣♣~~≈≈♣♣
♣♣~~∙∙∙∙∙∙<∙∙~∙#∙∙∙∙∙∙♣∙♣∙∙≈≈≈♣♣
♣♣♣∙∙▄∙∙∙∙∙∙∙∙∙∙∙∙∙∙∙∙∙∙∙∙~≈≈≈♣
♣♣∙∙∙∙∙∙∙∙∙∙~~~∙∙∙∙∙∙▄∙#∙~≈≈♣
♣♣∙∙♣∙∙∙∙∙∙∙∙∙♣♣∙~∙∙∙~∙∙~~≈♣♣


Turn 6819 on Temple: wowzer ♣♣ ∙∙ ∙∙ ∙♣♣ ♣♣♣hg∙♣ ♣Hgi∙∙♣ ♣hhF∙∙♣ ♣♣Fi∙♣♣ ♣♣♣♣
Turn 16655 on Lair:5: welp ▒▒▒▒ ▒▒ ▒▒∙∙▒ ∙▒▒▒▒∙∙P▒ ▒▒▒∙∙∙∙▒▒ ▒▒▒ ▒▒∙∙∙∙∙∙▒▒▒∙▒
▒▒∙∙∙∙∙∙∙∙∙∙▒▒▒▒▒ ▒∙∙∙∙∙∙∙†∙∙∙∙∙∙∙▒▒ ▒∙∙∙∙▒∙∙∙∙∙∙∙∙∙∙H▒ ∙∙▒▒∙▒▒▒▒∙∙∙∙∙∙∙∙▒▒ ▒▒▒
▒▒▒▒▒▒ ▒▒∙∙▒▒∙∙∙∙▒ ▒∙▒▒ ▒ ▒▒▒▒▒∙∙∙∙▒ ▒▒∙▒▒▒▒ ▒▒▒ ▒∙∙∙∙▒ ▒▒▒▒∙▒▒▒∙▒▒ ∙∙▒ ▒▒▒
▒▒∙∙∙▒ ▒∙∙∙∙∙P∙▒∙∙ ▒▒▒ ▒∙▒▒ ▒▒∙∙▒▒▒▒▒▒∙∙∙∙∙∙∙∙∙ ∙▒ ▒▒▒∙∙▒▒▒ ▒▒▒∙∙P∙∙▒∙∙∙∙∙∙∙▒▒∙
∙▒▒▒ ▒∙∙∙∙∙∙▒▒▒∙∙∙∙∙∙∙∙∙∙∙>∙∙∙▒▒▒ Turn 16696 on Lair:5: wow

Levels and vault maps discovered:
D:1:      denvon_arrival_planthouse, layout_loops_cross,
          ebering_ecumenical_altar_mist, serial_forest, infiniplex_forest_end_2,
          infiniplex_forest_straight_2, infiniplex_forest_clump_small,
          infiniplex_forest_corner_2, infiniplex_forest_end_3
D:2:      layout_basic, serial_shops, nicolae_shop_tiny_real_fake_doors,
          minmay_split_cup_large
D:3:      layout_basic, mainiacjoe_overflow_six_doors_small,
          cheibrodos_sewer_entry_bend, serial_shops, shop
D:4:      kennysheep_goblin_castle, layout_basic, uniq_crazy_yiuf_cottage
D:5:      layout_basic, kennysheep_minor_cross
D:6:      layout_loops_ring, chequers_serial_rivers_small_b,
          kennysheep_generic_room_13, uniq_pikel
D:7:      corexii_shack_village, layout_cave_pools, led_sif_book,
          lemuel_temple_firewalk_b
D:8:      layout_rooms, lemuel_tele_altar, minivault_25, serial_bayou_crossing
D:9:      wad_crossroads, layout_long_grid, nicolae_shop_vocational
D:10:     layout_gridville
D:11:     layout_grid_maze, due_lair_maze_entry_diamond, orc_0_dummy,
          hangedman_abyss_or_decor_clamps, uniq_harold
D:12:     layout_roguey, serial_park_tiny_pond, kennysheep_decorative_pillar,
          uniq_kirke
D:13:     hourglass_vault, layout_rooms, gauntlet_entry_generic,
          lightli_fourway_metalbox
D:14:     layout_irregular_city, grunt_vaults_entry_fortified, xom_teletrap_fun
D:15:     hangedman_depths_entry_try_elsewhere_first, layout_cave_pods,
          abandoned_shop, uniq_josephine, uniq_agnes
Temple:   nicolae_temple_bog_church
Lair:1:   layout_small_grid
Lair:2:   nzn_winding_woodlands_huge [nzn_winding_woodlands_5x15_pockets,
          nzn_winding_woodlands_5x15_river_crossing,
          nzn_winding_woodlands_5x15_zeroes,
          nzn_winding_woodlands_5x15_pathside_ponds,
          nzn_winding_woodlands_5x15_default, nzn_winding_woodlands_5x15_pool,
          nzn_winding_woodlands_5x15_parted,
          nzn_winding_woodlands_5x15_split_checker,
          nzn_winding_woodlands_5x15_longhouse,
          nzn_winding_woodlands_5x15_sidewinder,
          nzn_winding_woodlands_center_diamonds,
          nzn_winding_woodlands_center_lodge,
          nzn_winding_woodlands_15x15_boxy_spiral], layout_misc_corridors,
          spider_nest_entry_web_field, lemuel_old_faithful, uniq_sonja
Lair:3:   layout_chaotic_city, swamp_mist_pool, grunt_megastairs_2,
          serial_bayou_shore_a
Lair:4:   layout_regular_city, grunt_megastairs_3
Lair:5:   minmay_lair_end_enchanted_forest, layout_layer_cave, slime_entry_1,
          uniq_urug
Swamp:1:  nicolae_swamp_decorative_isthmus, layout_basic_swamp,
          evilmike_swamp_ruin_rubble_2, uniq_donald, uniq_nikola, uniq_louise
Swamp:2:  layout_basic_swamp, evilmike_swamp_ruin_house_4
Swamp:3:  layout_basic_swamp, gammafunk_ghost_necromancy,
          evilmike_swamp_ruin_house_5, nicolae_swamp_dense_foliage,
          infiniplex_staircase_pool_2
Swamp:4:  swamp_vile, layout_basic_swamp
Spider:1: nicolae_spider_mines_3, hangedman_spider_tarantella_strand
Spider:2: layout_spider_delve
Spider:3: layout_spider_delve, nicolae_spider_orb_run
Spider:4: hellmonk_spider_rune_endless_swarm
Orc:1:    layout_caves, serial_shops, shop, uniq_nergalle
Orc:2:    st_orc_rangers, layout_caves, serial_shops, shop,
          nicolae_orc_stony_grotto
Elf:1:    cheibrodos_elf_bladeworks, layout_gridlike, minmay_elf_demonology,
          grunt_megastairs_4
Elf:2:    nicolae_elf_blades_splatter_lattice [infiniplex_blade_entry_pillars],
          layout_geoelf_diagonals, dreamdust_princess_bridge
Elf:3:    minmay_elf_hall_circle, layout_loops_ring

Skill      XL: |  1  2  3  4  5  6  7  8  9 10 11 12 13 14 15 16 17 18 |
---------------+-------------------------------------------------------+-----
Ranged Weapons | 5 6 7 9 11 12 14 16 17 18 19 20 21 22 23 | 23.7
Fighting       | 3 4 5 6 7 8 11 13 14 16 17 19 | 19.9
Dodging        | 3 4 5 6 7 8 9 10 11 12 13 15 16 | 16.4
Armour         | 1 2 3 4 5 6 7 8 |  8.6
Stealth        | 1 2 3 4 |  4.3
Invocations    | 3 4 5 7 8 11 14 15 16 17 | 17.5
Short Blades   | 1 2 |  2.3
Long Blades    | 2 4 6 7 |  7.6
Throwing       | |  0.8
Evocations     | |  0.8

Action                     |  1- 3 |  4- 6 |  7- 9 | 10-12 | 13-15 | 16-18 | 19-21 || total
---------------------------+-------+-------+-------+-------+-------+-------+-------++-------
  Melee: Dagger            |     6 |     4 |    23 |    28 |       |       |       ||    61
         Headbutt          |     1 |     2 |    16 |    11 |    15 |     3 |       ||    48
         Quick blade       |       |       |    34 |       |    26 |       |       ||    60
         Punch             |       |       |       |     1 |     1 |       |       ||     2
         Scimitar          |       |       |       |    41 |     9 |       |       ||    50
         Double sword      |       |       |       |       |     6 |    13 |       ||    19
   Fire: Shortbow          |    81 |   228 |   119 |       |       |       |       ||   428
         Longbow           |       |       |   205 |   580 |  1582 |  1886 |   266 ||  4519
  Throw: Throwing net      |       |       |       |       |     2 |       |       ||     2
         Dart              |       |       |       |       |     2 |       |       ||     2
 Invoke: Recite            |       |       |     5 |     6 |    30 |    24 |     8 ||    73
         Vitalisation      |       |       |       |     2 |     1 |       |       ||     3
         Sanctuary         |       |       |       |       |     2 |     1 |     3 ||     6
  Evoke: Lightning rod     |       |       |       |       |       |     4 |       ||     4
    Use: Scroll            |     6 |     7 |    13 |    10 |    10 |    13 |     3 ||    62
         Potion            |       |       |     3 |     6 |     6 |     6 |     5 ||    26
 Armour: Leather armour    |     5 |    38 |    27 |       |       |       |       ||    70
         Steam dragon scal |       |       |    14 |    32 |       |       |       ||    46
         Troll leather arm |       |       |       |    18 |    78 |       |       ||    96
         Ring mail         |       |       |       |       |    20 |   132 |    29 ||   181
  Dodge: Dodged            |    18 |    79 |   117 |   367 |   523 |   571 |   108 ||  1783
